 Dungeon Crawl Stone Soup version 0.27.1 (webtiles) character file.

Game seed: 12793186540356299293

2683 Malachi the Martial Artist (level 9, -8/58 HPs)
             Began as an Octopode Monk on Aug 25, 2021.
             Was the Champion of Zin.
             Mangled by a steam dragon (11 damage)
             ... on level 7 of the Dungeon.
             The game lasted 00:18:13 (13155 turns).

Malachi the Martial Artist (Octopode Monk)         Turns: 13155, Time: 00:18:13

Health: -8/58      AC:  1    Str: 10    XL:     9   Next: 64%
Magic:  14/14      EV: 15    Int: 15    God:    Zin [******]
Gold:   1101       SH:  0    Dex: 15    Spells: 10/11 levels left

rFire    . . .     SeeInvis .     - Unarmed
rCold    . . .     Faith    .   (no shield)
rNeg     . . .     Spirit   .   (helmet restricted)
rPois    .         Reflect  .   (no amulet)
rElec    .         Harm     .   d - ring of wizardry
rCorr    .         Rampage  .   (no ring)
Will     .....                  (no ring)
Stlth    ++++......             (no ring)
HPRegen  0.19/turn              (no ring)
MPRegen  0.14/turn              (no ring)
                                (no ring)
                                (no ring)

@: no status effects
A: almost no armour, amphibious, 8 rings, camouflage 1, gelatinous body 1,
(nimble swimmer 1), tentacles
a: Renounce Religion, Recite, Vitalisation, Imprison, Sanctuary, Donate Gold


You were on level 7 of the Dungeon.
You worshipped Zin.
Zin was exalted by your worship.
You visited 1 branch of the dungeon, and saw 8 of its levels.
You also visited: Ossuary.

You collected 1191 gold pieces.
You donated 90 gold pieces to Zin.

Inventory:

Hand Weapons
 v - a +3 dagger
Missiles
 s - 229 stones (quivered)
Magical Staves
 c - a staff of fire
Jewellery
 d - a ring of wizardry (left tentacle)
 w - an amulet of magic regeneration
Wands
 e - a wand of iceblast (24)
 i - a wand of flame (20)
 y - a wand of mindburst (16)
Scrolls
 a - 2 scrolls of enchant weapon
 g - 3 scrolls of amnesia
 h - 3 scrolls of teleportation
 p - a scroll of vulnerability
 u - a scroll of magic mapping
Potions
 b - 2 potions of cancellation
 f - 2 potions of haste
 j - 2 potions of mutation
 l - 6 potions of curing
 n - a potion of attraction


   Skills:
 - Level 4.0 Fighting
 - Level 0.6 Throwing
 - Level 5.0 Dodging
 + Level 6.6 Stealth
 + Level 8.0 Unarmed Combat
 + Level 1.6 Spellcasting
 * Level 3.6 Earth Magic
 * Level 7.5 Invocations
 + Level 0.4 Evocations


You had 10 spell levels left.
You knew the following spells:

 Your Spells              Type           Power      Damage    Failure   Level
a - Sandblast             Erth           24%        2d8       2%          1

Your spell library contained the following spells:

 Spells                   Type           Power      Damage    Failure   Level
 Passwall                 Tmut/Erth      5%         N/A       7%          2
 Stone Arrow              Conj/Erth      12%        3d7       13%         3
 Slow                     Hex            1%         N/A       14%         2
 Confusing Touch          Hex            1%         N/A       26%         3
 Lee's Rapid Deconstruct  Erth           6%         3d7*      47%         5
 Yara's Violent Unravell  Hex/Tmut       0%         3d3       92%         5
 Lehudib's Crystal Spear  Conj/Erth      3%         10d2      100%        8
 Animate Armour           Summ/Erth      Unusable   N/A       N/A         4

Dungeon Overview and Level Annotations

Branches:
Dungeon (8/15)             Temple (0/1) D:6         Ossuary (visited)
   Lair: D:8-11

Altars:
Dithmenos
Qazlal
Sif Muna
Wu Jian
Zin

Shops:
D:1 (

Annotations:
D:3 1 runed translucent door, exclusion: door, Crazy Yiuf


Innate Abilities, Weirdness & Mutations

You cannot wear most types of armour.
You are amphibious.
You can wear up to eight rings at the same time.
Your skin changes colour to match your surroundings (Stealth+).
Your rubbery body absorbs attacks. (AC +1, EV +1)
((You are camouflaged near water. (Stealth+)))
You have tentacles for arms and can constrict up to eight enemies at once.


Message History

Your divine stamina fades away.
You start resting.
HP restored.
You climb downwards.
There is a stone staircase leading up here.
Unknown command.
The steam dragon barely misses you. The steam dragon claws you.
You tentacle-slap the steam dragon.
You squeeze the steam dragon, but do no damage.
The steam dragon is lightly wounded.
The steam dragon breathes steam at you. The ball of steam hits you!
You tentacle-slap the steam dragon.
The steam dragon is moderately wounded.
You are engulfed in a cloud of scalding steam.
You closely miss the steam dragon. You squeeze the steam dragon!
The steam dragon is severely wounded.
You are engulfed in a cloud of scalding steam.
The steam dragon bites you! The steam dragon barely misses you.
You closely miss the steam dragon.
The steam dragon is severely wounded.
You are engulfed in a cloud of scalding steam.
The steam dragon barely misses you. The steam dragon claws you.
You are too injured to fight recklessly!
You are too injured to fight recklessly!
You tentacle-slap the steam dragon but do no damage.
The steam dragon is severely wounded.
The steam dragon misses you. The steam dragon barely misses you.
You completely miss the steam dragon. Your squeeze misses the steam dragon.
The steam dragon is severely wounded.
The steam dragon breathes steam at you. The ball of steam hits you!
* * * LOW HITPOINT WARNING * * *
The steam dragon bites you.
* * * LOW HITPOINT WARNING * * *
The steam dragon misses you.
You closely miss the steam dragon.
The steam dragon is severely wounded.
The steam dragon bites you!
You die...

###### #....#######
#.##.##....# #.....[....#
######
####..#.......##########.....
#.....####)>[§.........'.....
#.##........############.....
#.#########D###### ###### #.#
#.§@....############ #.#
#.§.....'........... #####.#
#.§.....############ ....#.#
####.§.....#
.##.#.#####...########
..........#.#.#
###.#.......#.# #.#####..<#.#
#......####.# #####


You could see a steam dragon (catching breath).

Vanquished Creatures
  A hornet (D:7)
  A sky beast (D:7)
  A black bear (D:6)
  An orc warrior (D:7)
  An ice beast (D:7)
  An ogre (D:6)
  A necrophage (D:4)
  2 elf zombies (Ossuary)
  A phantom (D:6)
  A bullfrog (D:7)
  A gnoll sergeant (D:7)
  A scorpion (D:6)
  A wyvern skeleton (D:6)
  14 wights
  A bullfrog zombie (D:5)
  A centaur zombie (D:7)
  A jelly (D:4)
  A centaur skeleton (D:7)
  4 human zombies (Ossuary)
  2 hounds (D:6)
  3 orc priests
  A bullfrog skeleton (D:7)
  3 iguanas
  Ijyb (D:3)
  4 orc wizards
  A hound zombie (D:5)
  2 mummies (Ossuary)
  A howler monkey skeleton (D:5)
  A howler monkey zombie (D:7)
  3 gnolls (D:3)
  10 adders
  2 shadow imps
  2 white imps
  An adder skeleton (D:4)
  A dart slug (D:2)
  17 orcs
  A ball python (D:2)
  3 bats
  6 endoplasms
  3 giant cockroaches
  7 goblins
  6 hobgoblins
  4 jackals (D:2)
  3 kobolds
  2 quokkas
  A frilled lizard (D:1)
  2 goblin zombies (Ossuary)
  14 hobgoblin zombies (Ossuary)
  2 jackal zombies (Ossuary)
  9 kobold zombies (Ossuary)
  4 orc zombies (Ossuary)
  A quokka skeleton (D:4)
  3 rats
162 creatures vanquished.

Vanquished Creatures (others)
  A fungus (D:3)
1 creature vanquished.

Grand Total: 163 creatures vanquished

Notes
Turn   | Place    | Note
-------+----------+-------------------------------------------
     0 | D:1      | Malachi the Octopode Monk began the quest for the Orb.
     0 | D:1      | Reached XP level 1. HP: 16/16 MP: 1/1
    19 | D:1      | Found Haifodaj's Weapon Shop.
   148 | D:1      | Found a faded altar of an unknown god.
   193 | D:1      | Reached XP level 2. HP: 4/21 MP: 2/2
   212 | D:1      | Became a worshipper of Zin the Law-Giver
   212 | D:1      | Reached * piety under Zin
   212 | D:1      | Reached ** piety under Zin
   907 | D:2      | Reached *** piety under Zin
   956 | D:2      | Reached XP level 3. HP: 21/26 MP: 3/3
  1840 | D:3      | Reached XP level 4. HP: 22/31 MP: 4/4
  2669 | D:3      | Found a runed translucent door.
  2670 | D:3      | Noticed Crazy Yiuf
  2741 | D:3      | Noticed Ijyb
  2755 | D:3      | Killed Ijyb
  2756 | D:3      | Reached skill level 4 in Unarmed Combat
  2756 | D:3      | Reached skill level 1 in Invocations
  2756 | D:3      | Reached XP level 5. HP: 14/36 MP: 5/5
  3356 | D:4      | Found a glowing silver altar of Zin.
  3466 | D:4      | Found a shadowy altar of Dithmenos.
  3466 | D:4      | Found a shimmering blue altar of Sif Muna.
  3492 | D:4      | Noticed a necrophage
  3501 | D:4      | Killed a necrophage
  3502 | D:4      | Reached XP level 6. HP: 42/42 MP: 5/7
  3581 | D:4      | Found a sand-covered staircase.
  3585 | Ossuary  | Entered an ossuary
  3683 | Ossuary  | Reached **** piety under Zin
  4143 | Ossuary  | Reached skill level 5 in Stealth
  4259 | Ossuary  | Reached skill level 5 in Unarmed Combat
  4261 | Ossuary  | Reached XP level 7. HP: 14/47 MP: 8/8
  4992 | D:4      | Found a stormy altar of Qazlal.
  5010 | D:5      | Entered Level 5 of the Dungeon
  5080 | D:5      | Reached ***** piety under Zin
  5801 | D:5      | Identified a scroll of acquirement
  5801 | D:5      | Acquired 801 gold pieces
  5882 | D:5      | Reached skill level 6 in Unarmed Combat
  7040 | D:4      | Found an ornate altar of the Wu Jian Council.
  7594 | D:1      | Learned a level 1 spell: Sandblast
  7718 | D:5      | Identified the +0 leather armour of the Pit {rElec Dex+3}
  7911 | D:6      | Reached XP level 8. HP: 50/54 MP: 10/10
  8079 | D:6      | Found a staircase to the Ecumenical Temple.
  8167 | D:5      | Identified the +1 chain mail of the Catamount {rF+ Int+2}
  8184 | D:5      | Reached ****** piety under Zin
  8185 | D:5      | Reached skill level 1 in Earth Magic
  9590 | D:6      | Reached skill level 7 in Unarmed Combat
  9590 | D:6      | Reached skill level 5 in Invocations
 10710 | D:7      | Reached XP level 9. HP: 47/58 MP: 13/13
 11404 | D:7      | Noticed a hornet
 11733 | D:7      | Killed a hornet
 11734 | D:7      | Reached skill level 5 in Dodging
 11734 | D:7      | Reached skill level 1 in Spellcasting
 12862 | D:7      | Reached skill level 8 in Unarmed Combat
 13155 | D:7      | Mangled by a steam dragon

Illustrated notes

Levels and vault maps discovered:
D:1:      eino_arrival_tree_alley, layout_rooms, serial_shops,
          nicolae_shop_competitors_out_of_business,
          hellmonk_ecumenical_altar_pennies_from_heaven,
          chequers_serial_rivers_micro_e, serial_bayou_pond_e
D:2:      layout_basic, grunt_decor_arrowhead, minmay_close_crescents
D:3:      layout_loops_ring, ebering_dispersal_statue_hall, lemuel_old_faithful,
          uniq_ijyb, uniq_crazy_yiuf_cottage
D:4:      layout_basic, old_standard_altar, gammafunk_temple_overflow_wave,
          mainiacjoe_overflow_catch_the_wave,
          lightli_ossuary_entry_decrepit_ruins
D:5:      layout_loops_ring, corexii_hall_statues_l, kennysheep_pointless_box
D:6:      layout_cave_pods, temple_green
D:7:      layout_basic, minmay_misc_feat_room, minmay_starry_boxes
D:8:      layout_rooms, gammafunk_temple_overflow_statue,
          minmay_misc_feat_more_columns, minmay_three_doors

Skill      XL: |  1  2  3  4  5  6  7  8  9 |
---------------+----------------------------+-----
Stealth        | 3 4 5 6 |  6.6
Unarmed Combat | 4 5 6 7 8 |  8.0
Invocations    | 1 2 3 5 7 |  7.5
Dodging        | 4 5 |  5.0
Earth Magic    | 2 3 |  3.6
Fighting       | 4 |  4.0
Spellcasting   | 1 |  1.6
Throwing       | |  0.6
Evocations     | |  0.4

Action                   |  1- 3 |  4- 6 |  7- 9 || total
-------------------------+-------+-------+-------++-------
Melee: Unarmed           |    83 |   133 |   260 ||   476
       Constrict         |    17 |    35 |    59 ||   111
       Tentacles         |    11 |    28 |    67 ||   106
       Punch             |     1 |     5 |    16 ||    22
Throw: Stone             |       |       |     8 ||     8
 Cast: Sandblast         |       |       |    11 ||    11
Invok: Recite            |     2 |     1 |    23 ||    26
       Vitalisation      |       |       |     5 ||     5
Evoke: Wand              |       |       |     5 ||     5
  Use: Scroll            |     5 |     5 |     9 ||    19
       Potion            |     1 |     3 |    10 ||    14
 Stab: Sleeping          |     7 |     9 |     7 ||    23
       Confused          |       |       |     3 ||     3
       Invisible         |       |       |     4 ||     4
       Paralysed         |       |       |     1 ||     1
Armor: Skin              |     9 |    19 |     4 ||    32
Dodge: Dodged            |    64 |    58 |   190 ||   312
